Map: [ESL] Amphion

Players

Oliveira - Winner!

  • Race: Terran Terran
  • Spawn Location: 11:00

SCV

  • Race: Protoss Protoss
  • Spawn Location: 7:00

Event: ESL SC2 Masters 2024 Spring (Regional)

VOD

Have the link to the VOD?

Description

Time

  • Played on: April 21, 2024, 7:01 a.m.
  • Length: 11:37

All games in this series

Show
View Real Time Build Order
Export as new Build Order

Oliveira Terran - Winner!

Build Orders: Cyclone Opening, Reaper Expand 

Get SALT Encoding   

  12  0:00  SCV  
  13  0:12  SCV  
  14  0:17  Supply Depot  
  14  0:24  SCV  
  15  0:39  SCV  
  15  0:41  Barracks  
  16  0:44  Refinery  
  16  0:51  SCV  
  17  1:03  SCV  
  18  1:15  SCV  
  19  1:29  Orbital Command, Reaper  
  20  1:42  Command Center  
  20  1:50  Supply Depot  
  20  1:54  SCV  
  20  2:01  Marine  
  22  2:06  SCV  
  23  2:09  Factory  
  23  2:17  Refinery  
  23  2:18  Marine  
  23  2:19  SCV  
  25  2:31  SCV  
  25  2:36  Marine  
  27  2:43  SCV  
  28  2:53  Cyclone  
  28  2:54  Starport  
  28  2:55  Orbital Command  
  28  2:56  SCV  
  31  3:00  Orbital Command  
  31  3:01  Barracks Reactor  
  31  3:08  SCV  
  32  3:20  SCV  
  32  3:24  Barracks  
  32  3:26  SCV  
  34  3:29  Widow Mine  
  34  3:32  SCV  
  37  3:37  Medivac  
  37  3:38  SCV, Marine x2  
  42  3:41  Supply Depot  
  42  3:45  SCV  
  42  3:46  Barracks  
  43  3:50  Widow Mine  
  43  3:52  SCV  
  46  4:02  Supply Depot, Marine x2  
  46  4:03  SCV  
  46  4:05  SCV  
  50  4:15  SCV  
  50  4:17  SCV, Barracks Tech Lab  
  51  4:22  Marine  
  51  4:23  Bunker, Engineering Bay, Marine  
  54  4:27  SCV  
  54  4:29  SCV  
  56  4:32  Supply Depot  
  56  4:39  SCV, Barracks Tech Lab, Marine  
  56  4:40  Stimpack  
  56  4:41  SCV  
  56  4:42  Refinery  
  56  4:43  Marine  
  56  4:44  Marine  
  61  4:47  Starport Reactor  
  61  4:48  Factory Reactor  
  61  4:51  SCV  
  62  4:52  Terran Infantry Weapons Level 1  
  62  4:55  Supply Depot  
  62  4:56  SCV  
  62  4:58  Combat Shield  
  63  5:02  Marine x2  
  63  5:03  Marine  
  66  5:07  SCV, Supply Depot  
  66  5:09  Marine  
  66  5:10  SCV  
  69  5:15  Refinery  
  69  5:20  Supply Depot, Marine x2  
  71  5:21  SCV  
  71  5:22  SCV  
  71  5:26  Marauder  
  75  5:29  Marauder  
  75  5:33  SCV  
  75  5:34  Medivac x2  
  80  5:36  Widow Mine  
  80  5:39  Widow Mine, SCV  
  81  5:43  Marine x2  
  80  5:51  Marine  
  80  5:52  Marauder  
  79  6:00  Widow Mine  
  79  6:01  Marine  
  79  6:03  Marine  
  79  6:05  Supply Depot  
  79  6:09  Medivac, Marauder  
  83  6:13  Marauder  
  85  6:18  Medivac  
  85  6:19  Command Center  
  85  6:22  Marine x2  
  85  6:25  SCV  
  90  6:28  Concussive Shells  
  90  6:30  Marine  
  91  6:34  Marauder  
  91  6:35  Supply Depot  
  92  6:47  Terran Infantry Armor Level 1  
  92  6:48  Marine  
  92  6:49  Marauder  
  89  6:55  Widow Mine  
  89  6:58  Widow Mine  
  89  6:59  Marine  
  89  7:00  Barracks x2, Marauder  
  94  7:01  SCV  
  94  7:02  Supply Depot  
  94  7:04  Engineering Bay  
  94  7:05  Armory  
  94  7:06  Marine  
  94  7:07  SCV, Viking  
  99  7:09  Medivac  
  99  7:14  Marauder  
  103  7:17  SCV  
  103  7:19  SCV  
  105  7:23  Marine  
  105  7:24  Marauder  
  105  7:28  Marine  
  105  7:29  SCV  
  110  7:31  Widow Mine x2  
  110  7:35  Marauder  
  110  7:36  SCV  
  117  7:41  SCV  
  118  7:45  Marauder  
  118  7:48  SCV, Barracks Tech Lab, Barracks Reactor  
  118  7:49  Marine  
  118  7:50  Marine  
  123  7:53  SCV  
  123  7:57  Terran Infantry Weapons Level 2, Marauder  
  125  8:00  SCV  
  125  8:02  Widow Mine x2  
  125  8:05  Orbital Command  
  130  8:07  Marauder  
  130  8:12  Marauder  
  133  8:15  Supply Depot  
  133  8:24  Supply Depot x2  
  133  8:25  SCV x2, Marine x2  
  133  8:26  Marauder, Viking  
  141  8:36  SCV, Viking  
  141  8:37  SCV, Marauder  
  141  8:38  Supply Depot  
  141  8:41  Marine  
  147  8:45  Marauder, Marine  
  127  8:57  Marine  
  127  8:58  Marauder, Viking  
  127  9:02  Marine x2  
  126  9:03  Marauder, Terran Infantry Armor Level 2  
  126  9:08  Widow Mine x2, SCV  
  131  9:10  SCV  
  131  9:13  Marine x2  
  133  9:19  Marine, Marauder  
  133  9:20  Marine  
  133  9:21  SCV x2  
  133  9:23  Medivac  
  143  9:24  Marauder  
  143  9:29  Refinery  
  143  9:30  Refinery  
  143  9:32  Ghost Academy  
  143  9:33  Marine  
  143  9:34  Marauder  
  143  9:36  Marine  
  143  9:38  Command Center  
  147  9:43  Marauder, Marine x2  
  151  9:47  Medivac  
  151  9:51  Marine x2  
  157  9:53  Widow Mine x2  
  157  9:55  Marauder  
  160  10:09  Ghost x2  
  160  10:10  Marine x3  
  160  10:11  Marine  
  167  10:16  Ghost  
  167  10:20  Supply Depot x2  
  167  10:22  Missile Turret  
  167  10:25  Widow Mine x2  
  171  10:33  Barracks  
  171  10:34  Barracks  
  171  10:35  Barracks  
  171  10:36  Marine  
  171  10:38  Ghost, Marine  
  173  10:49  Marine x2  
  161  10:50  Marauder  
  161  10:51  Ghost  
  159  10:54  Marine  
Show
View Real Time Build Order
Export as new Build Order

SCV Protoss 

Build Orders: 1 Gate Expand, Blink Stalkers 

Get SALT Encoding   

  12  0:00  Probe  
  13  0:12  Probe  
  14  0:18  Pylon  
  14  0:24  Probe (Chrono Boost)  
  15  0:36  Probe (Chrono Boost)  
  15  0:39  Gateway  
  16  0:45  Probe (Chrono Boost)  
  16  0:47  Assimilator  
  17  0:51  Probe  
  18  1:03  Probe  
  19  1:15  Probe  
  20  1:25  Cybernetics Core  
  20  1:35  Nexus  
  20  1:38  Probe  
  21  1:45  Pylon  
  21  1:51  Probe  
  22  1:55  Assimilator  
  22  2:00  Adept (Chrono Boost)  
  22  2:03  Probe  
  22  2:07  Warp Gate  
  25  2:15  Probe  
  26  2:21  Stalker (Chrono Boost)  
  25  2:27  Probe  
  28  2:34  Twilight Council  
  29  2:45  Probe (Chrono Boost)  
  29  2:47  Probe (Chrono Boost)  
  30  2:55  Stalker  
  30  2:56  Probe (Chrono Boost)  
  30  2:58  Probe (Chrono Boost)  
  34  3:01  Probe (Chrono Boost)  
  35  3:06  Probe  
  35  3:08  Blink (Chrono Boost)  
  35  3:10  Gateway  
  36  3:18  Probe  
  37  3:20  Probe  
  38  3:30  Probe  
  38  3:32  Probe  
  38  3:33  Robotics Facility  
  38  3:42  Probe  
  38  3:43  Pylon  
  38  3:44  Probe  
  40  3:48  Gateway  
  40  3:54  Probe  
  41  3:56  Probe  
  41  3:57  Stalker  
  44  4:05  Stalker  
  44  4:08  Pylon  
  46  4:19  Observer, Nexus  
  46  4:24  Stalker  
  49  4:29  Assimilator, Probe  
  49  4:30  Probe  
  51  4:34  Stalker  
  51  4:37  Observer  
  53  4:41  Pylon  
  53  4:42  Probe x2  
  56  4:45  Stalker  
  58  4:54  Probe x2  
  60  5:06  Probe x2  
  62  5:10  Charge  
  62  5:11  Pylon  
  62  5:18  Stalker, Probe  
  62  5:19  Probe  
  66  5:24  Assimilator  
  66  5:26  Gateway  
  66  5:28  Forge  
  66  5:32  Probe (Chrono Boost)  
  69  5:36  Probe x2 (Chrono Boost)  
  69  5:42  Probe (Chrono Boost)  
  70  5:45  Probe x2 (Chrono Boost)  
  70  5:47  Probe (Chrono Boost)  
  70  5:48  Stalker x2  
  74  5:59  Probe (Chrono Boost)  
  74  6:00  Probe x2 (Chrono Boost)  
  75  6:07  Probe (Chrono Boost)  
  75  6:09  Probe x2 (Chrono Boost)  
  75  6:10  Robotics Bay  
  78  6:12  Gateway  
  78  6:14  Gateway  
  78  6:15  Shield Battery  
  78  6:19  Probe  
  78  6:20  Probe  
  80  6:26  Gateway  
  80  6:27  Gateway  
  80  6:29  Pylon, Sentry  
  80  6:31  Sentry  
  84  6:40  Stalker x2  
  86  6:48  Probe x2  
  86  6:49  Probe  
  86  6:52  Pylon  
  86  6:56  Pylon  
  82  7:07  Pylon  
  82  7:11  Probe x3  
  85  7:16  Zealot x6  
  85  7:19  Nexus  
  97  7:23  Colossus (Chrono Boost)  
  103  7:33  Pylon  
  103  7:39  Extended Thermal Lance  
  103  7:43  Probe x3  
  106  7:48  Stalker x4  
  113  7:53  Zealot  
  113  7:55  Probe x2  
  113  7:56  Probe  
  113  7:57  Zealot x2  
  113  7:58  Zealot  
  124  8:03  Pylon  
  124  8:07  Colossus (Chrono Boost)  
  130  8:19  Pylon  
  130  8:22  Probe x3  
  130  8:26  Forge  
  133  8:27  Pylon  
  133  8:29  Stalker x4  
  133  8:33  Stalker  
  143  8:34  Probe  
  144  8:45  Zealot x3  
  118  8:58  Zealot x5  
  118  9:01  Probe  
  115  9:03  Probe x2  
  109  9:14  Probe x2  
  98  9:17  Probe x2  
  98  9:22  Stalker x5  
  110  9:26  Probe x2  
  110  9:29  Probe x2  
  110  9:30  Pylon  
  114  9:38  Probe x2  
  116  9:39  Shield Battery  
  116  9:40  Protoss Ground Weapons Level 1 (Chrono Boost)  
  116  9:41  Probe  
  117  9:49  Colossus (Chrono Boost)  
  117  9:51  Zealot x4  
  117  9:52  Zealot  
  127  9:54  Pylon x2  
  127  9:56  Probe x4  
  137  10:05  Zealot  
  138  10:11  Stalker x3  
  127  10:17  Stalker  
  127  10:18  Stalker x3  
  127  10:20  Probe  
  127  10:21  Probe x3  
  135  10:26  Colossus (Chrono Boost)  
  135  10:28  Zealot  
  143  10:38  Zealot  
  143  10:39  Zealot x2  
  141  10:42  Zealot  
  141  10:43  Zealot x3  
  141  10:49  Zealot  
Tags
 
Add a new tag
Caveats
  • Supply blocks, unpowered buildings, or Contaminate may cause inaccurate times.
  • Supply counts are checked every 10 seconds.